 Dungeon Crawl Stone Soup version 0.31-a0-1178-gc5c9b8f871 (webtiles) character file.

Game seed: 13923792125466224473

1339 sokol815 the Spear-Bearer (level 8, -5/57 HPs)
             Began as an Octopode Gladiator on Dec 4, 2023.
             Was an Initiate of Gozag.
             Killed from afar by a steam dragon (17 damage)
             ... with a ball of steam
             ... on level 6 of the Dungeon on Dec 11, 2023.
             The game lasted 00:07:05 (4367 turns).

sokol815 the Spear-Bearer (Octopode Gladiator)      Turns: 4367, Time: 00:07:06

Health: -5/57      AC:  1    Str: 15    XL:     8   Next: 61%
Magic:  8/8        EV: 14    Int: 10    God:    Gozag
Gold:   562        SH:  0    Dex: 14    Spells: 7/7 levels left

rFire   . . .        a - +0 trident
rCold   . . .        (no shield)
rNeg    . . .        b - +0 hat
rPois   .            (no amulet)
rElec   .            Q - +4 ring of slaying
rCorr   .            n - ring of flight {+Fly, !d}
SInv    .            (no ring)
Will    .....        (no ring)
Stlth   +++          (no ring)
HPRegen 0.29/turn    (no ring)
MPRegen 0.11/turn    (no ring)
                     (no ring)

%: no passive effects
@: gold aura, flying, studying Earth Magic
A: almost no armour, amphibious, 8 rings, camouflage 1, gelatinous body 1,
nimble swimmer 1, tentacles
a: Renounce Religion, Potion Petition, Call Merchant, Bribe Branch


You were on level 6 of the Dungeon.
You worshipped Gozag.
Gozag was pleased with you.
You visited 2 branches of the dungeon, and saw 7 of its levels.

You collected 651 gold pieces.
You paid 89 gold pieces to Gozag.

Inventory:

Hand Weapons
 a - a +0 trident (weapon)
 h - a +4 whip
   (You took it off a kobold on level 3 of the Dungeon)
Missiles
 c - 3 throwing nets {!d}
 d - a javelin
 l - 5 boomerangs
 s - 88 stones
Armour
 b - a +0 hat (worn)
Magical Staves
 m - a staff of poison {rPois}
   (You found it on level 3 of the Dungeon)
 o - a staff of death {rN+}
   (You found it on level 5 of the Dungeon)
Jewellery
 n - a ring of flight (right tentacle) {+Fly, !d}
   (You found it on level 5 of the Dungeon)
 Q - a +4 ring of slaying (left tentacle)
   (You found it on level 3 of the Dungeon)
Wands
 i - a wand of iceblast (17)
   (You found it on level 5 of the Dungeon)
 j - a wand of polymorph (2)
   (You found it on level 4 of the Dungeon)
 y - a wand of mindburst (9)
   (You found it on level 4 of the Dungeon)
Scrolls
 f - a scroll of brand weapon {unknown}
 q - 2 scrolls of fog
 V - a scroll of vulnerability {!r!r}
 Y - 3 scrolls of teleportation {@r3}
Potions
 g - 2 potions of attraction {!q}
 J - 3 potions of curing {@q1}
 M - 3 potions of magic


   Skills:
 + Level 6.2 Fighting
 * Level 8.9 Polearms
 - Level 2.0 Throwing
 - Level 3.0 Dodging


You had 7 spell levels left.
You didn't know any spells.
Your spell library contained the following spells:

 Spells                   Type           Power      Damage    Failure   Level
 Freeze                   Ice            0%         1d3       36%         1
 Summon Small Mammal      Summ           0%         N/A       36%         1
 Ensorcelled Hibernation  Hex/Ice        0%         N/A       50%         2
 Passwall                 Tmut/Erth      0%         N/A       50%         2
 Call Canine Familiar     Summ           0%         N/A       75%         3
 Frozen Ramparts          Ice            0%         1d1       75%         3
 Hailstorm                Conj/Ice       0%         3d5       75%         3
 Ozocubu's Armour         Ice            0%         N/A       75%         3
 Summon Guardian Golem    Hex/Summ       0%         N/A       75%         3
 Swiftness                Air            0%         N/A       75%         3
 Metabolic Englaciation   Hex/Ice        0%         N/A       100%        5
 Ozocubu's Refrigeration  Ice            0%         4d7       100%        7
 Simulacrum               Ice/Necr       Unusable   N/A       N/A         6

Dungeon Overview and Level Annotations

Branches:
Dungeon (6/15) Zot: 26384  Temple (1/1) D:4 Zot: 5979

Altars:
Ashenzari
Cheibriados
Dithmenos
Elyvilon
Fedhas
Gozag
Hepliaklqana
Kikubaaqudgha
Makhleb
Nemelex Xobeh
Okawaru
Qazlal
Ru
Sif Muna
Trog
Uskayaw
Vehumet
Wu Jian
Xom
Yredelemnul
Zin
The Shining One

Shops:
D:4 [


Innate Abilities, Weirdness & Mutations

You cannot wear most types of armour.
You are amphibious.
You can wear up to eight rings at the same time.
Your skin changes colour to match your surroundings (Stealth+).
Your rubbery body absorbs attacks. (AC +1, EV +1)
You are camouflaged when in or above water. (Stealth+)
You have tentacles for arms and can constrict up to eight enemies at once.


Message History

You puncture the ufetubus! You constrict the ufetubus.
The ufetubus misses you. x2
You puncture the ufetubus!
You kill the ufetubus!
No target in view!
You now have 532 gold pieces (gained 10).
q - a scroll of fog Health restored: 57
As you read the scroll of identify {@r1}, it crumbles to dust.
p - a potion of degeneration
As you read the scroll of identify {@r1}, it crumbles to dust.
k - a scroll of vulnerability;
V - a scroll of vulnerability You drop a potion of degeneration {!q}.
Found a stone staircase leading up.
An adder comes into view.
You reach to attack!
The helpless adder fails to defend itself.
You hit the adder. The adder misses you.
You miss the adder. Your grab misses the adder. Your squeeze misses the adder.
The adder closely misses you.
You barely miss the adder. Your grab misses the adder. The adder misses you.
You puncture the adder!
You kill the adder!
No target in view!
You now have 539 gold pieces (gained 7).
Y - 3 scrolls of teleportation {@r3} (gained 1)
There is a sacrificial altar of Ru here.
You reach down and open the door.
There is an open door here.
An ice beast comes into view.
Found a stone staircase leading down.
You closely miss the ice beast. Your squeeze misses the ice beast.
The ice beast barely misses you.
You puncture the ice beast! The ice beast closely misses you.
You closely miss the ice beast. Your squeeze misses the ice beast.
The ice beast hits you. The ice beast freezes you.
You take 6 damage, and have 51/57 hp.
You puncture the ice beast! You squeeze the ice beast.
You kill the ice beast!
Your Fighting skill increases to level 6!
No target in view!
No target in view!
You now have 556 gold pieces (gained 17).
There is a stone staircase leading down here.
s - 88 stones (gained 6)
q - 2 scrolls of fog (gained 1)
A scorpion comes into view.
Found a snail-covered altar of Cheibriados.
Health restored: 57 You hit the scorpion.
You grab the scorpion.
You squeeze the scorpion, but do no damage.
You constrict the scorpion, but do no damage.
The scorpion barely misses you.
You hit the scorpion but do no damage. You squeeze the scorpion.
You constrict the scorpion. The scorpion misses you.
You hit the scorpion. You constrict the scorpion.
The scorpion closely misses you.
You puncture the scorpion!
You kill the scorpion!
No target in view!
You now have 562 gold pieces (gained 6).
A centaur comes into view.
The centaur shouts!
You hear an angry hiss.
The centaur wields a +0 shortbow.
The centaur shoots an arrow.
The arrow completely misses you.
The centaur shoots an arrow.
The arrow closely misses you.
The centaur shoots an arrow.
The arrow hits you!
You take 7 damage, and have 50/57 hp.
The centaur shoots an arrow.
The arrow hits you!
You take 9 damage, and have 41/57 hp.
The centaur shoots an arrow.
The arrow hits you!
A steam dragon comes into view.
The centaur shoots an arrow.
The arrow hits you!
You take 23 damage, and have 18/57 hp.
MASSIVE DAMAGE!!
The centaur unwields a +0 shortbow.
The centaur hits you.
* * * LOW HITPOINT WARNING * * *
The centaur kicks you.
* * * LOW HITPOINT WARNING * * *
You take 2 damage, and have 16/57 hp.
You feel better. The centaur hits you.
The centaur kicks you but does no damage.
The steam dragon breathes steam at you. The ball of steam hits you!
* * * LOW HITPOINT WARNING * * *
You take 1 damage, and have 15/57 hp.
You hit the centaur. You squeeze the centaur.
You are engulfed in a cloud of scalding steam.
* * * LOW HITPOINT WARNING * * *
The centaur is engulfed in a cloud of scalding steam.
The centaur hits you.
* * * LOW HITPOINT WARNING * * *
The centaur kicks you but does no damage.
The centaur is engulfed in a cloud of scalding steam.
The centaur dies!
You take 4 damage, and have 11/57 hp.
There is a snail-covered altar of Cheibriados here.
The steam dragon breathes steam at you. The ball of steam hits you!
You die...
Your body crumbles into a pile of gold.

##......##...........###
##...>.................
#.....####..≈§≈§≈≈≈..#
#.....###..§≈§§§≈≈≈..##
#......#....≈§.§......# .
#...........≈≈?.......## ..
####...##...≈≈..≈≈≈≈...#...
#...###..≈≈..≈....#.....
#...# #..≈≈..@§§.D.§# ##.##
#......§.....## #.#
#........§.$## #.#
############# #.# #.# #.#
#.# #.#


There were no monsters in sight!

Vanquished Creatures
  3 ice beasts
  2 ogres (D:6)
  A sky beast (D:6)
  A phantom (D:5)
  A scorpion (D:6)
  2 howler monkeys (D:4)
  3 hounds
  An orc priest (D:4)
  4 jellies
  2 sleepcaps
  Natasha (D:2)
  An iguana (D:6)
  4 gnolls (D:2)
  7 adders
  2 ufetubi (D:6)
  A worm (D:3)
  10 orcs
  8 ball pythons
  8 endoplasms
  2 giant cockroaches
  9 goblins
  9 hobgoblins
  9 kobolds
  7 quokkas
  10 bats
  4 frilled lizards
  8 rats
120 creatures vanquished.

Vanquished Creatures (others)
  A centaur (D:6)
1 creature vanquished.

Grand Total: 121 creatures vanquished

Notes
Turn   | Place    | Note
-------+----------+-------------------------------------------
     0 | D:1      | sokol815 the Octopode Gladiator began the quest for the
                  | Orb.
     0 | D:1      | Reached XP level 1. HP: 14/14 MP: 1/1
   103 | D:1      | Reached XP level 2. HP: 15/19 MP: 2/2
   393 | D:1      | Reached XP level 3. HP: 25/25 MP: 3/3
   895 | D:2      | Identified the +0 ring mail "Ciegen" {-Tele rElec rF+
                  | Int+6}
   904 | D:2      | Reached skill level 4 in Polearms
   995 | D:2      | Found a faded altar of an unknown god.
  1115 | D:2      | Noticed Natasha
  1124 | D:2      | Reached XP level 4. HP: 21/30 MP: 4/4
  1126 | D:2      | Reached skill level 3 in Fighting
  1128 | D:2      | Killed Natasha
  1429 | D:3      | Reached XP level 5. HP: 36/36 MP: 5/5
  1497 | D:3      | Found a glowing golden altar of the Shining One.
  1499 | D:3      | Found a hazy altar of Hepliaklqana.
  1499 | D:3      | Found a sparkling altar of Nemelex Xobeh.
  1500 | D:3      | Found an ornate altar of the Wu Jian Council.
  1867 | D:3      | Reached skill level 5 in Polearms
  1896 | D:3      | Identified the +0 pair of gloves "Wujyxiuf" {Fly Will+
                  | Dex+3 Stlth+}
  2151 | D:3      | Noticed an ice beast
  2164 | D:3      | Killed an ice beast
  2164 | D:3      | HP: 7/36 [frozen (3)]
  2165 | D:3      | Reached XP level 6. HP: 9/43 MP: 6/6
  2399 | D:4      | Reached skill level 4 in Fighting
  2512 | D:4      | Reached skill level 6 in Polearms
  2640 | D:4      | Found a staircase to the Ecumenical Temple.
  2649 | Temple   | Entered the Ecumenical Temple
  2659 | Temple   | Became a worshipper of Gozag Ym Sagoz the Greedy
  2727 | D:4      | Found Vubuckuunt's Armour Shop.
  2787 | D:4      | Reached XP level 7. HP: 49/49 MP: 7/7
  3105 | D:5      | Entered Level 5 of the Dungeon
  3115 | D:5      | Identified a scroll of acquirement
  3115 | D:5      | Acquired a manual of Earth Magic
  3179 | D:5      | Upgraded the game from 0.31-a0-1074-g0b22e4e0f1 to
                  | 0.31-a0-1178-gc5c9b8f871
  3213 | D:5      | Reached skill level 7 in Polearms
  3284 | D:5      | Reached skill level 5 in Fighting
  3804 | D:6      | Reached XP level 8. HP: 56/56 MP: 8/8
  3915 | D:6      | Reached skill level 8 in Polearms
  4147 | D:6      | Found a sacrificial altar of Ru.
  4309 | D:6      | Reached skill level 6 in Fighting
  4346 | D:6      | Found a snail-covered altar of Cheibriados.
  4364 | D:6      | HP: 13/57 [something] (2)]
  4367 | D:6      | Killed from afar by a steam dragon

Illustrated notes

Levels and vault maps discovered:
D:1:      giann_horns, layout_basic, grunt_decor_one_mirror, st_stairs_3
D:2:      layout_basic, basic_ecumenical_altar, grunt_decor_junction,
          uniq_natasha
D:3:      minmay_wonky_spiral, layout_basic,
          chequers_temple_overflow_statue_of_worship, grunt_ministairs_4
D:4:      layout_loops_cross, minmay_temple_entry_mist, serial_shops, shop
D:5:      layout_rooms, chequers_serial_rivers_small_b, minmay_holes
D:6:      layout_basic, nicolae_ru_sacrificial_ziggurat,
          mainiacjoe_overflow_chevrons, serial_corexii_hall,
          corexii_hall_statues_x, chequers_hall_statues_corner_a,
          corexii_hall_statues_x, chequers_hall_statues_corner_a
Temple:   nicolae_temple_slightly_damp_pantheon

Skill      XL: |  1  2  3  4  5  6  7  8 |
---------------+-------------------------+-----
Polearms       | 4 5 6 7 8 |  8.9
Fighting       | 3 4 5 6 |  6.2
Throwing       | |  2.0
Dodging        | |  3.0

Action                     |  1- 3 |  4- 6 |  7- 9 || total
---------------------------+-------+-------+-------++-------
  Melee: Trident           |    85 |   102 |    81 ||   268
         Constrict         |    15 |    18 |     8 ||    41
         Tentacles         |     9 |    11 |    14 ||    34
         Punch             |       |     1 |     1 ||     2
  Evoke: Wand              |       |       |     4 ||     4
    Use: Scroll            |     3 |     2 |     6 ||    11
         Potion            |     1 |     1 |     1 ||     3
   Stab: Sleeping          |     9 |     8 |     4 ||    21
         Distracted        |     1 |     1 |       ||     2
 Armour: Skin              |    19 |    20 |    37 ||    76
  Dodge: Dodged            |    42 |    42 |    30 ||   114

Table legend: (Time is in decaauts)
 A = Elapsed time spent in this place.
 B = Non-inter-level travel time spent in this place.
 C = Inter-level travel time spent in this place.
 D = Time resting spent in this place.
 E = Time spent auto-exploring this place.
 F = Levels seen in this place.
 G = Mean time per level.
                   A        B        C        D        E       F      G
               +--------+--------+--------+--------+--------+-----+--------+
         Total |   4372 |   4227 |    145 |      0 |   3522 |   7 |  624.6 |
       Dungeon |   4352 |   4226 |    126 |      0 |   3522 |   6 |  725.3 |
        Temple |     20 |      1 |     19 |      0 |      0 |   1 |   20.0 |
               +--------+--------+--------+--------+--------+-----+--------+

Top non-repeatable levels by time:
     D:3: 1036 daAuts
     D:1: 771 daAuts
     D:4: 696 daAuts
     D:5: 640 daAuts
     D:6: 615 daAuts
     D:2: 592 daAuts
  Temple: 20 daAuts

Levels and vault maps discovered:
D:1:      giann_horns, layout_basic, grunt_decor_one_mirror, st_stairs_3
D:2:      layout_basic, basic_ecumenical_altar, grunt_decor_junction,
          uniq_natasha
D:3:      minmay_wonky_spiral, layout_basic,
          chequers_temple_overflow_statue_of_worship, grunt_ministairs_4
D:4:      layout_loops_cross, minmay_temple_entry_mist, serial_shops, shop
D:5:      layout_rooms, chequers_serial_rivers_small_b, minmay_holes
D:6:      layout_basic, nicolae_ru_sacrificial_ziggurat,
          mainiacjoe_overflow_chevrons, serial_corexii_hall,
          corexii_hall_statues_x, chequers_hall_statues_corner_a,
          corexii_hall_statues_x, chequers_hall_statues_corner_a
Temple:   nicolae_temple_slightly_damp_pantheon

Table legend: (Time is in decaauts)
 A = Elapsed time spent in this place.
 B = Non-inter-level travel time spent in this place.
 C = Inter-level travel time spent in this place.
 D = Time resting spent in this place.
 E = Time spent auto-exploring this place.
 F = Levels seen in this place.
 G = Mean time per level.
                   A        B        C        D        E       F      G
               +--------+--------+--------+--------+--------+-----+--------+
         Total |   4372 |   4227 |    145 |      0 |   3522 |   7 |  624.6 |
       Dungeon |   4352 |   4226 |    126 |      0 |   3522 |   6 |  725.3 |
        Temple |     20 |      1 |     19 |      0 |      0 |   1 |   20.0 |
               +--------+--------+--------+--------+--------+-----+--------+

Top non-repeatable levels by time:
     D:3: 1036 daAuts
     D:1: 771 daAuts
     D:4: 696 daAuts
     D:5: 640 daAuts
     D:6: 615 daAuts
     D:2: 592 daAuts
  Temple: 20 daAuts

Table legend:
 A = Kills in this place as a percentage of kills in the entire game.
 B = Kills by you in this place as a percentage of kills by you in the entire game.
 C = Kills by friends in this place as a percentage of kills by friends in the entire game.
 D = Other kills in this place as a percentage of other kills in the entire game.
 E = Experience gained in this place as a percentage of experience gained in the entire game.
 F = Experience gained in this place divided by the number of levels of this place that you have seen.
                   A       B       C       D       E      F
               +-------+-------+-------+-------+-------+----------------------
         Total | 100.0 | 100.0 |   N/A | 100.0 | 100.0 | 273.3
       Dungeon | 100.0 | 100.0 |   N/A | 100.0 | 100.0 | 318.8
               +-------+-------+-------+-------+-------+----------------------
